 Dungeon Crawl Stone Soup version 0.26.1-11-gd32895ea62 (webtiles) character file.

Game seed: 7297547671354799228

13 Elvor the Sneak (level 2, -3/19 HPs)
             Began as a Gargoyle Delver on Apr 15, 2021.
             Was an Initiate of Okawaru.
             Slain by a phantom (6 damage)
             ... on level 4 of the Dungeon.
             The game lasted 00:04:15 (816 turns).

Elvor the Sneak (Gargoyle Delver)                    Turns: 816, Time: 00:04:16

Health: -3/19      AC:  6    Str: 15    XL:     2   Next: 37%
Magic:  2/2        EV: 11    Int: 10    God:    Okawaru [......]
Gold:   18         SH:  0    Dex: 11    Spells: 1/1 levels left

rFire    . . .     SeeInvis .   a - +0 mace
rCold    . . .     Faith    .   (no shield)
rNeg     + . .     Spirit   .   b - +0 leather armour
rPois    ∞         Reflect  .   (no helmet)
rElec    +         Harm     .   f - scarf {+Inv}
rCorr    .         Rampage  .   (no gloves)
Will     .....                  i - +0 pair of boots
Stlth    +++.......             (no amulet)
HPRegen  0.06/turn              (no ring)
MPRegen  0.08/turn              (no ring)

@: no status effects
A: negative energy resistance 1, electricity resistance, unbreathing,
petrification resistance, miasma immunity, AC +2
a: Renounce Religion, Evoke Invisibility


You were on level 4 of the Dungeon.
You worshipped Okawaru.
Okawaru was noncommittal.
You visited 2 branches of the dungeon, and saw 3 of its levels.

You collected 18 gold pieces.

Inventory:

Hand Weapons
 a - a +0 mace (weapon)
Missiles
 h - 10 boomerangs (quivered)
Armour
 b - a +0 leather armour (worn)
 f - a scarf of invisibility (worn)
 i - a +0 pair of boots (worn)
Wands
 g - a wand of digging (3)
Scrolls
 c - a scroll of fog
 d - a scroll of magic mapping
 k - a scroll of identify {unknown}
Potions
 j - a potion of curing {unknown}


   Skills:
 + Level 3.4 Fighting
 + Level 2.0 Maces & Flails
 + Level 1.7 Dodging
 + Level 5.9 Stealth


You had one spell level left.
You didn't know any spells.
Your spell library was empty.

Dungeon Overview and Level Annotations

Branches:
Dungeon (5/15)             Temple (1/1) D:4

Altars:
Cheibriados
Elyvilon
Fedhas
Makhleb
Okawaru
Ru
Uskayaw
Vehumet
Wu Jian
Xom
Yredelemnul
Zin

Annotations:
D:4 Eustachio


Innate Abilities, Weirdness & Mutations

You are resistant to torment.
Your stone body is resilient. (AC +2)
You are immune to poison.
You resist negative energy. (rN+)
You are resistant to electric shocks. (rElec)
You can survive without breathing.
You are immune to petrification.
You are immune to miasma.


Message History

There is a staircase back to the Dungeon here.
HP restored.
Found a sacrificial altar of Ru.
Found an ornate altar of the Wu Jian Council.
There is an iron altar of Okawaru here.
You kneel at the altar of Okawaru.
Okawaru welcomes you!
Found a white marble altar of Elyvilon.
Found a blossoming altar of Fedhas.
Done exploring.
Done exploring.
There is a staircase back to the Dungeon here.
You climb upwards.
Level annotation: Eustachio The hornet zombie hits you!
The phantom hits you but does no damage.
The hornet zombie hits you!
* * * LOW HITPOINT WARNING * * *
The phantom hits you.
You die...

......# ###
......############./.
###..................
....(....?.≈≈.≈≈....$
#.#....≈≈≈≈.≈≈≈≈... ... #
#..≈≈≈≈≈≈.≈≈≈≈≈≈. ...
#.#.≈≈≈≈≈≈≈.≈≈≈≈≈≈≈ ...
#.#.≈≈≈≈≈≈...≈≈≈≈≈≈ ...
#...≈≈≈≈≈≈.@Z≈≈≈≈≈≈ ...
#...≈≈≈≈≈≈..W≈≈≈≈≈≈....# ...
#.#(.≈≈≈≈≈≈≈≈≈≈≈≈≈.....#
...###.#....≈≈≈≈≈≈≈≈≈.......#
####...#.....B≈≈≈≈≈.........#
# #...#....................#
##.#...####.................#
#≈.#...####.#..............#
#.≈#...##...#........>....#


You could see a phantom, a worker ant and a hornet zombie.

Vanquished Creatures
  An adder (D:4)
  An orc (D:4)
  A frilled lizard (D:4)
  A jackal skeleton (D:4)
4 creatures vanquished.

Vanquished Creatures (others)
  20 fungi (D:4)
20 creatures vanquished.

Grand Total: 24 creatures vanquished

Notes
Turn   | Place    | Note
-------+----------+-------------------------------------------
     0 | D:5      | Elvor the Gargoyle Delver began the quest for the Orb.
     0 | D:5      | Reached XP level 1. HP: 14/14 MP: 1/1
     9 | D:5      | Noticed a worker ant
   115 | D:4      | Noticed a scorpion
   116 | D:4      | Noticed a phantom
   182 | D:4      | Reached XP level 2. HP: 2/19 MP: 2/2
   414 | D:4      | Noticed a phantom
   437 | D:4      | Noticed Eustachio
   443 | D:4      | Noticed an ogre
   468 | D:4      | Found a staircase to the Ecumenical Temple.
   495 | Temple   | Entered the Ecumenical Temple
   754 | Temple   | Became a worshipper of Warmaster Okawaru
   816 | D:4      | Slain by a phantom

Illustrated notes

Levels and vault maps discovered:
D:4:      layout_rooms, led_sif_book, temple_pool_b, serial_aquarium,
          aquarium_bridge_square [aquarium_subvault_window,
          aquarium_subvault_bridge, aquarium_subvault_wall,
          aquarium_subvault_window], aquarium_bridge_long_joined
          [aquarium_subvault_wall, aquarium_subvault_window,
          aquarium_subvault_window, aquarium_subvault_balcony,
          aquarium_subvault_bridge, aquarium_subvault_bridge],
          aquarium_window_1, aquarium_window_corridor_3, aquarium_view_2b,
          aquarium_balcony_double_3, uniq_grinder, uniq_robin, uniq_eustachio
D:5:      layout_basic
Temple:   nicolae_temple_x_marks_the_god

Action                   || total
-------------------------++-------
Melee: Mace              ||    15
  Use: Potion            ||     1
       Scroll            ||     1
Armor: Leather armour    ||     8
Dodge: Dodged            ||    14
